 Dungeon Crawl Stone Soup version 0.27.1-3-gb3d3a73c9e (webtiles) character file.

Game seed: 9097942663280264272

91095 BinkBink the Warrior (level 15, -4/149 HPs)
             Began as a Minotaur Fighter on Oct 31, 2021.
             Was the Champion of Okawaru.
             Slain by a 20-headed hydra (10 damage)
             ... on level 13 of the Dungeon.
             The game lasted 01:27:29 (29616 turns).

BinkBink the Warrior (Minotaur Fighter)            Turns: 29616, Time: 01:27:30

Health: -4/149     AC: 32    Str: 25    XL:     15   Next: 54%
Magic:  14/14      EV: 17    Int:  9    God:    Okawaru [******]
Gold:   2369       SH: 18    Dex: 18    Spells: 14/14 levels left

rFire    + . .     SeeInvis .   Z - +3 scimitar (holy)
rCold    . . .     Faith    .   c - +2 kite shield {reflect}
rNeg     . . .     Spirit   .   e - +2 crystal plate armour
rPois    .         Reflect  +   I - +0 hat of Meager Miracles {Rampage Int+4 Dex+3}
rElec    .         Harm     .   x - +2 cloak {rF+}
rCorr    .         Rampage  +   q - +0 pair of gloves {Dex+3}
Will     +....                  j - +2 pair of boots {rampage}
Stlth    ..........             (no amulet)
HPRegen  0.34/turn              g - +4 ring of evasion
MPRegen  0.14/turn              C - +4 ring of evasion

@: about to teleport, hasted, very quick
A: horns 2, retaliatory headbutt
a: Renounce Religion, Heroism, Finesse


You were on level 13 of the Dungeon.
You worshipped Okawaru.
Okawaru was exalted by your worship.
You visited 4 branches of the dungeon, and saw 22 of its levels.
You also visited: Ossuary and Volcano.

You collected 2555 gold pieces.
You spent 186 gold pieces at shops.

Inventory:

Hand Weapons
 P - a +3 quick blade
 Y - a +2 rapier of flaming
 Z - a +3 scimitar of holy wrath (weapon)
Missiles
 K - 2 throwing nets (quivered)
Armour
 c - a +2 kite shield of reflection (worn)
 e - a +2 crystal plate armour (worn)
 j - a +2 pair of boots of rampaging (worn)
 q - a +0 pair of gloves of dexterity (worn)
 x - a +2 cloak of fire resistance (worn)
 I - the +0 hat of Meager Miracles (worn) {Rampage Int+4 Dex+3}
   (Okawaru gifted it to you on level 6 of the Lair of Beasts)

   Int:       It affects your intelligence (+4).
   Dex:       It affects your dexterity (+3).
   Rampage:   It bestows one free step when moving towards enemies.
 W - a scarf of repulsion
Jewellery
 a - an amulet of guardian spirit
 g - a +4 ring of evasion (left hand)
 k - a ring of willpower
 C - a +4 ring of evasion (right hand)
 H - an amulet of magic regeneration
 J - a ring of poison resistance
 R - a ring of ice
 U - a ring of see invisible
Wands
 f - a wand of iceblast (12)
 h - a wand of polymorph (17)
 D - a wand of mindburst (10)
 N - a wand of paralysis (34)
 T - a wand of flame (47)
 V - a wand of charming (19)
Scrolls
 i - 5 scrolls of teleportation
 l - a scroll of enchant armour
 m - 8 scrolls of enchant weapon
 o - 2 scrolls of acquirement
 r - 5 scrolls of immolation
 s - 6 scrolls of amnesia
 y - 3 scrolls of fear
 A - 3 scrolls of noise
 E - 2 scrolls of magic mapping
 F - 2 scrolls of torment
 O - 6 scrolls of vulnerability
 S - 2 scrolls of fog
 X - a scroll of summoning {unknown}
Potions
 b - 4 potions of flight {unknown}
 d - 4 potions of might
 n - 9 potions of attraction
 p - 6 potions of lignification
 t - a potion of haste
 u - 5 potions of mutation
 v - 4 potions of cancellation
 w - 3 potions of berserk rage {unknown}
 z - 3 potions of brilliance
 B - 2 potions of ambrosia {unknown}
 G - 6 potions of curing
Miscellaneous
 L - a phial of floods
 M - a tin of tremorstones (2/2)
 Q - a condenser vane


   Skills:
 + Level 17.8 Fighting
 - Level 12.9(14.1) Short Blades
 - Level 11.2(14.0) Long Blades
 + Level 12.8 Armour
 + Level 9.4 Dodging
 + Level 3.6 Stealth
 + Level 17.3 Shields


You had 14 spell levels left.
You didn't know any spells.
Your spell library contained the following spells:

 Spells                   Type           Power      Damage    Failure   Level
 Animate Skeleton         Necr           0%         N/A       100%        1
 Apportation              Tloc           0%         N/A       100%        1
 Corona                   Hex            0%         N/A       100%        1
 Summon Small Mammal      Summ           0%         N/A       100%        1
 Blink                    Tloc           N/A        N/A       100%        2
 Corpse Rot               Necr/Air       N/A        N/A       100%        2
 Poisonous Vapours        Pois/Air       0%         N/A       100%        2
 Call Canine Familiar     Summ           0%         N/A       100%        3
 Gell's Gravitas          Tloc           0%         N/A       100%        3
 Stone Arrow              Conj/Erth      0%         3d7       100%        3
 Teleport Other           Tloc           0%         N/A       100%        3
 Hailstorm                Conj/Ice       0%         3d3       100%        4
 Ice Form                 Ice/Tmut       0%         N/A       100%        4
 Leda's Liquefaction      Hex/Erth       0%         N/A       100%        4
 Alistair's Intoxication  Tmut/Pois      0%         N/A       100%        5
 Bolt of Magma            Conj/Fire/Erth 0%         4d4       100%        5
 Freezing Cloud           Conj/Ice/Air   0%         6-21      100%        5
 Lee's Rapid Deconstruct  Erth           0%         3d5*      100%        5
 Manifold Assault         Tloc           0%         N/A       100%        5
 Dispersal                Tloc           0%         N/A       100%        6
 Invisibility             Hex            0%         N/A       100%        6
 Simulacrum               Ice/Necr       0%         N/A       100%        6
 Statue Form              Tmut/Erth      0%         N/A       100%        6
 Storm Form               Tmut/Air       0%         N/A       100%        7
 Shatter                  Erth           0%         3d5*      100%        9


Dungeon Overview and Level Annotations

Branches:
Dungeon (13/15)            Temple (1/1) D:5            Lair (6/6) D:9
  Swamp (0/4) Lair:3       Spider (0/4) Lair:2        Slime (0/5) Lair:6
    Orc (2/2) D:12            Elf (0/3) Orc:2        Vaults (0/5) D:13
Ossuary (visited)         Volcano (visited)

Altars:
Ashenzari
Cheibriados
Dithmenos
Elyvilon
Fedhas
Gozag
Hepliaklqana
Kikubaaqudgha
Makhleb
Nemelex Xobeh
Okawaru
Qazlal
Ru
Sif Muna
Trog
Uskayaw
Vehumet
Wu Jian
Xom
Yredelemnul
Zin
The Shining One
Beogh
Jiyva

Shops:
D:5 :   D:6 ?   D:8 (   Orc:2 !(!*

Annotations:
Lair:6 exclusion: obsidian statue


Innate Abilities, Weirdness & Mutations

You have a pair of horns on your head.
You reflexively headbutt those who attack you in melee.


Message History

The 20-headed hydra barely misses you.
The 20-headed hydra completely misses you.
You block the 20-headed hydra's attack. x2; The 20-headed hydra bites you!
* * * LOW HITPOINT WARNING * * *
The 20-headed hydra closely misses you.
The 20-headed hydra bites you but does no damage.
As you read the scroll of teleportation, it crumbles to dust.
You feel strangely unstable.
You block the 20-headed hydra's attack. x2
The 20-headed hydra closely misses you. x2
You block the 20-headed hydra's attack.
The 20-headed hydra bites you but does no damage. x4
The 20-headed hydra bites you.
* * * LOW HITPOINT WARNING * * *
You block the 20-headed hydra's attack. The 20-headed hydra closely misses you.
The 20-headed hydra bites you but does no damage. x2
The 20-headed hydra bites you!
* * * LOW HITPOINT WARNING * * *
The 20-headed hydra bites you but does no damage.
You block the 20-headed hydra's attack.
The 20-headed hydra bites you but does no damage.
The 20-headed hydra bites you.
* * * LOW HITPOINT WARNING * * *
The 20-headed hydra barely misses you.
You feel yourself speed up. The 20-headed hydra bites you.
* * * LOW HITPOINT WARNING * * *
You block the 20-headed hydra's attack. The 20-headed hydra bites you.
* * * LOW HITPOINT WARNING * * *
The 20-headed hydra bites you.
* * * LOW HITPOINT WARNING * * *
You block the 20-headed hydra's attack.
The 20-headed hydra bites you but does no damage.
The 20-headed hydra closely misses you. You block the 20-headed hydra's attack.
The 20-headed hydra barely misses you. The 20-headed hydra bites you!
* * * LOW HITPOINT WARNING * * *
The 20-headed hydra bites you.
* * * LOW HITPOINT WARNING * * *
You block the 20-headed hydra's attack.
The 20-headed hydra bites you but does no damage.
The 20-headed hydra bites you!
You die...

# #.#.......# ##
.##.....##### ##
.# #.#..###..#
.. .# #.#. #..#
D. .#.#..###..#
#. .#. #.....#
#.#.# #.#...#
#...###.....#
#...#.#CD@###..#
#. #(#.#.###..#
..###...##...#
.......)......#
########.....##
#######


You could see a 20-headed hydra and a cyclops.

Vanquished Creatures
  Jorgrun (Orc:1)
  Frances (D:12)
  5 dire elephants (Lair:6)
  An ettin (Orc:2)
  Fannar (D:12)
  8 hydras
  Harold (D:9)
  2 ogre magi (Orc:2)
  A rakshasa (D:12)
  2 boulder beetles
  9 two-headed ogres
  3 centaur warriors
  2 dancing weapons (D:13)
  7 death yaks (Lair:6)
  A spectral dire elephant (Lair:6)
  Sonja (Lair:5)
  5 skeletal warriors
  A spectral anaconda (Lair:6)
  2 deep trolls
  4 anaconda skeletons (Volcano)
  A deep elf pyromancer (D:12)
  3 necromancers (Lair:6)
  An orc knight (Orc:2)
  3 cyclopes
  3 elephants (Lair:6)
  A dire elephant zombie (Lair:6)
  7 black mambas
  Joseph (Lair:1)
  A torpor snail (Lair:4)
  5 gargoyles (Volcano)
  14 cane toads
  5 rime drakes
  3 unseen horrors
  A kobold demonologist (D:10)
  Maggie (D:10)
  A dire elephant skeleton (Lair:6)
  7 komodo dragons
  2 polar bears
  14 trolls
  A hornet (D:9)
  28 blink frogs
  7 slime creatures (D:13)
  A spectral elephant (Lair:6)
  17 dream sheep
  Prince Ribbit (Lair:1)
  3 flying skulls (Volcano)
  A shadow (D:12)
  Sigmund (D:5)
  A wyvern (D:11)
  2 alligator skeletons (Volcano)
  32 yaks
  A basilisk (Lair:2)
  4 wraiths
  3 steam dragons
  7 vampire mosquitoes
  A warg (Orc:2)
  A death yak simulacrum (Lair:6)
  A spectral cane toad (Lair:6)
  13 water moccasins
  17 orc warriors
  A hornet zombie (D:8)
  3 elephant zombies (Lair:6)
  2 ice beasts
  5 centaurs (D:12)
  17 wolves
  23 ogres
  A phantom (D:3)
  2 elephant skeletons (Lair:6)
  Blork the orc (D:4)
  An elf zombie (Ossuary)
  6 kobold brigands
  14 bullfrogs
  3 scorpions
  A water moccasin zombie (D:9)
  2 cane toad simulacra (Lair:6)
  A water moccasin skeleton (D:6)
  7 killer bees (D:11)
  An elephant simulacrum (Lair:6)
  2 spriggan skeletons (Volcano)
  9 wights
  4 electric eels
  2 troll skeletons (Volcano)
  2 centaur zombies
  2 jellies (D:6)
  7 hounds
  16 orc priests
  A bullfrog skeleton (D:6)
  10 orc wizards
  Natasha (twice) (D:2)
  A naga skeleton (Volcano)
  A hound zombie (Ossuary)
  A hound skeleton (D:5)
  4 mummies (Ossuary)
  A howler monkey zombie (D:9)
  6 adders
  2 shadow imps
  2 ufetubi
  3 worms
  A dart slug (D:3)
  72 orcs
  5 ball pythons
  2 bats
  2 endoplasms
  3 giant cockroaches
  2 gnoll zombies (Ossuary)
  4 hobgoblins
  4 jackals (D:3)
  39 kobolds
  4 quokkas
  4 frilled lizards
  5 goblins
  2 jackal zombies (Ossuary)
  A kobold zombie (Ossuary)
  4 orc zombies (Ossuary)
  A rat (D:3)
  A rat zombie (Ossuary)
  A spectral orc (D:12)
  A bush (Lair:5)
602 creatures vanquished.

Vanquished Creatures (others)
  An orc wizard (D:12)
  A white imp (D:6)
  3 orcs (D:6)
  25 fungi
  52 plants
  20 withered plants (Lair:6)
102 creatures vanquished.

Grand Total: 704 creatures vanquished

Notes
Turn   | Place    | Note
-------+----------+-------------------------------------------
     0 | D:1      | BinkBink the Minotaur Fighter began the quest for the Orb.
     0 | D:1      | Reached XP level 1. HP: 19/19 MP: 0/0
   269 | D:1      | Reached XP level 2. HP: 27/27 MP: 1/1
  1128 | D:2      | Noticed Natasha
  1139 | D:2      | Killed Natasha
  1140 | D:2      | Reached skill level 1 in Short Blades
  1140 | D:2      | Reached XP level 3. HP: 25/33 MP: 2/2
  1277 | D:2      | Found a faded altar of an unknown god.
  1278 | D:2      | Noticed a floating eye
  1328 | D:2      | Noticed Natasha
  1334 | D:2      | Killed Natasha
  1335 | D:2      | Reached XP level 4. HP: 37/41 MP: 3/3
  1384 | D:2      | Noticed an eye of devastation
  1385 | D:2      | Noticed an eye of devastation
  1390 | D:2      | Noticed an eye of devastation
  1873 | D:3      | Noticed a phantom
  1880 | D:3      | Killed a phantom
  1881 | D:3      | Reached skill level 1 in Dodging
  1881 | D:3      | Reached XP level 5. HP: 44/47 MP: 4/4
  2247 | D:4      | Noticed Blork the orc
  2255 | D:4      | Killed Blork the orc
  2256 | D:4      | Reached skill level 5 in Armour
  2303 | D:4      | Found a sand-covered staircase.
  2309 | Ossuary  | Entered an ossuary
  2346 | Ossuary  | Reached XP level 6. HP: 40/53 MP: 5/5
  2353 | Ossuary  | Reached skill level 5 in Shields
  3029 | D:4      | Found a snail-covered altar of Cheibriados.
  3280 | D:4      | Found a burning altar of Makhleb.
  3371 | D:5      | Entered Level 5 of the Dungeon
  3371 | D:5      | Noticed Sigmund
  3388 | D:5      | Found an ancient bone altar of Kikubaaqudgha.
  3439 | D:5      | Reached XP level 7. HP: 60/60 MP: 6/6
  3478 | D:5      | Killed Sigmund
  3589 | D:5      | Found Uvome's Book Emporium.
  3663 | D:5      | Found a staircase to the Ecumenical Temple.
  3669 | D:5      | Reached skill level 5 in Fighting
  3816 | D:5      | Found a hazy altar of Hepliaklqana.
  3905 | D:5      | Found a glowing silver altar of Zin.
  4125 | D:5      | Reached skill level 5 in Short Blades
  4270 | Temple   | Entered the Ecumenical Temple
  4334 | Temple   | Became a worshipper of Warmaster Okawaru
  4657 | D:6      | Reached XP level 8. HP: 47/68 MP: 7/7
  4865 | D:6      | Found a shadowy altar of Dithmenos.
  5008 | D:6      | Reached * piety under Okawaru
  5622 | D:6      | Found Igatiec's Magic Scroll Shoppe.
  5653 | D:6      | Bought a scroll of identify for 26 gold pieces
  5653 | D:6      | Bought a scroll of identify for 26 gold pieces
  5653 | D:6      | Bought a scroll of identify for 26 gold pieces
  5653 | D:6      | Bought a scroll of identify for 26 gold pieces
  5878 | D:6      | Found a bloodstained altar of Trog.
  5899 | D:6      | Reached XP level 9. HP: 75/75 MP: 8/8
  5919 | D:6      | Found a white marble altar of Elyvilon.
  5921 | D:6      | Found a basalt altar of Yredelemnul.
  5923 | D:6      | Found an ornate altar of the Wu Jian Council.
  6238 | D:6      | Identified 2 scrolls of acquirement
  6247 | D:6      | Acquired a manual of Fighting
  6251 | D:6      | Acquired a +0 pair of gloves of dexterity
  6405 | D:7      | Reached ** piety under Okawaru
  6430 | D:7      | Noticed a komodo dragon
  6442 | D:7      | Killed a komodo dragon
  6613 | D:7      | Reached skill level 1 in Stealth
  7089 | D:7      | Found a broken altar of Ashenzari.
  7165 | D:7      | Found a sacrificial altar of Ru.
  7434 | D:8      | Found Cok Zexee's Hydra Hut.
  7444 | D:8      | Noticed a six-headed hydra
  8338 | D:9      | Reached *** piety under Okawaru
  8359 | D:9      | Noticed a troll
  8360 | D:9      | Paralysed by a hornet for 3 turns
  8384 | D:9      | Killed a troll
  8385 | D:9      | Reached XP level 10. HP: 30/88 MP: 9/9
  8392 | D:9      | Reached skill level 10 in Shields
  8755 | D:9      | Found a hide-covered altar of Uskayaw.
  8902 | D:9      | Reached **** piety under Okawaru
  9006 | D:9      | Reached skill level 5 in Long Blades
  9106 | D:9      | Noticed Harold
  9132 | D:9      | Killed Harold
  9133 | D:9      | Reached skill level 5 in Dodging
  9631 | D:9      | Found a staircase to the Lair.
  9934 | D:10     | Entered Level 10 of the Dungeon
  9934 | D:10     | Noticed a centaur warrior
  9939 | D:10     | Killed a centaur warrior
  9939 | D:10     | Received a gift from Okawaru
  9973 | D:10     | Reached ***** piety under Okawaru
 10171 | D:10     | Noticed Maggie
 10179 | D:10     | Killed Maggie
 10273 | D:10     | Reached XP level 11. HP: 88/97 MP: 10/10
 10864 | D:10     | Reached skill level 10 in Fighting
 11337 | D:11     | Received a gift from Okawaru
 11840 | D:11     | Reached skill level 10 in Long Blades
 11865 | D:11     | Noticed a skeletal warrior
 11865 | D:11     | Noticed a skeletal warrior
 11865 | D:11     | Noticed a skeletal warrior
 11904 | D:11     | Noticed a seven-headed hydra
 11908 | D:11     | Killed a skeletal warrior
 11934 | D:10     | Killed a skeletal warrior
 12438 | D:11     | Killed a seven-headed hydra
 12541 | D:11     | Killed a skeletal warrior
 13436 | D:12     | Received a gift from Okawaru
 13437 | D:12     | Reached XP level 12. HP: 110/110 MP: 11/11
 13441 | D:12     | Found a staircase to the Orcish Mines.
 13504 | D:12     | Noticed a boulder beetle
 13529 | D:12     | Noticed a rakshasa
 13529 | D:12     | Noticed a centaur warrior
 13903 | D:12     | Found a basalt altar of Yredelemnul.
 14103 | D:12     | Killed a centaur warrior
 14331 | D:12     | Noticed a four-headed hydra
 14343 | D:12     | Killed a four-headed hydra
 14582 | D:12     | Noticed Frances
 15228 | Lair:1   | Entered Level 1 of the Lair of Beasts
 15449 | Lair:1   | Noticed Joseph
 15955 | Lair:1   | Killed Joseph
 16188 | Lair:1   | Noticed Prince Ribbit
 16200 | Lair:1   | Killed Prince Ribbit
 16503 | Lair:2   | Reached ****** piety under Okawaru
 16587 | Lair:2   | Found a hole to the Spider Nest.
 16776 | Lair:2   | Noticed a four-headed hydra
 16789 | Lair:2   | Killed a four-headed hydra
 16848 | Lair:2   | Received a gift from Okawaru
 17051 | Lair:2   | Reached skill level 10 in Short Blades
 17550 | Lair:3   | Reached XP level 13. HP: 94/122 MP: 12/12
 17786 | Lair:3   | Found a dark tunnel.
 17795 | Volcano  | Entered a volcano
 18065 | Volcano  | Reached skill level 10 in Armour
 20047 | Lair:3   | Found a staircase to the Swamp.
 20724 | Lair:4   | Reached skill level 15 in Shields
 21362 | Lair:5   | Noticed Sonja
 21385 | Lair:5   | Killed Sonja
 21385 | Lair:5   | Received a gift from Okawaru
 21830 | Lair:5   | Reached skill level 15 in Fighting
 22378 | Lair:6   | Entered Level 6 of the Lair of Beasts
 22601 | Lair:6   | Found a staircase to the Slime Pits.
 22601 | Lair:6   | Found a viscous altar of Jiyva.
 22613 | Lair:6   | Reached XP level 14. HP: 118/135 MP: 13/13
 23575 | Lair:6   | Identified the +0 hat of Meager Miracles {Rampage Int+4
                  | Dex+3} (Okawaru gifted it to you on level 6 of the Lair of
                  | Beasts)
 23575 | Lair:6   | Received a gift from Okawaru
 23616 | Lair:6   | Got the Compendium of Creative Clay
 26235 | D:12     | Noticed Fannar
 26258 | D:12     | Killed Frances
 26258 | D:12     | Received a gift from Okawaru
 26282 | D:12     | Killed Fannar
 26416 | Orc:1    | Entered Level 1 of the Orcish Mines
 26543 | Orc:2    | Entered Level 2 of the Orcish Mines
 27042 | Orc:2    | Reached XP level 15. HP: 104/147 MP: 14/14
 27047 | Orc:2    | Paralysed by something for 6 turns
 27054 | Orc:2    | Found Rykk's Assorted Antiques.
 27345 | Orc:1    | Noticed Jorgrun
 27369 | Orc:1    | Killed Jorgrun
 27721 | Orc:1    | You fall into a shaft and drop 1 floor!
 28409 | Orc:2    | Received a gift from Okawaru
 28468 | Orc:2    | Found Voocoxigh's Distillery.
 28473 | Orc:2    | Found Rexzuff's Weapon Shoppe.
 28496 | Orc:2    | Found Xiuttosy's Distillery.
 28526 | Orc:2    | Bought a scroll of identify for 82 gold pieces
 28718 | Orc:2    | Found a staircase to the Elven Halls.
 29345 | D:13     | Found a gate to the Vaults.
 29616 | D:13     | HP: 6/149 [20-headed hydra (5)]
 29616 | D:13     | Slain by a 20-headed hydra

Illustrated notes

Levels and vault maps discovered:
D:1:      scummos_arrival_forest, layout_basic
D:2:      layout_loops_ring, hellmonk_ecumenical_altar_watching_god,
          uniq_natasha
D:3:      layout_loops_ring
D:4:      layout_loops_ring, kennysheep_mini_moat, cheibrodos_worm_habitat,
          enter_ossuary_2, chequers_serial_rivers_micro_e, uniq_blork_the_orc
D:5:      layout_basic, general_overflow_altar, kiku_gazebo_pond_becter,
          mainiacjoe_overflow_chevrons, minmay_temple_entry_trees, serial_shops,
          nicolae_shop_behind_doors, uniq_sigmund
D:6:      layout_loops_ring, mainiacjoe_overflow_24_doors, minitemple,
          serial_co_window_serial, co_window_paths_a, co_window_paths_a,
          co_window_paths_a, co_window_cross_1, co_window_paths_b,
          co_window_corner_b, co_window_broadway_a, co_window_broadway_c,
          co_window_of_opportunity_c, co_window_corner_b, glass_columns_a,
          glass_columns_c, glass_columns_a, glass_columns_c, glass_columns_a,
          serial_shops, nicolae_diamond_shop
D:7:      layout_basic, cheibrodos_ashenzari_chains, lemuel_round_altar
D:8:      layout_gridville, special_room [special_room_orc],
          doesnt_shop_hydraphobe
D:9:      layout_loops_ring, eat_drink_and_be_merry_uskayaw, erik_lair_island,
          uniq_harold
D:10:     layout_grid_maze, corexii_corridor_pit, uniq_maggie
D:11:     layout_stronghold
D:12:     layout_small_grid, erik_orc_3, yredelemnul_forgotten_temple_becter,
          uniq_frances, uniq_fannar
D:13:     layout_basic, erik_vaults_1, minmay_starry_boxes
Temple:   jpeg_temple_island
Lair:1:   layout_cellular_growth, grunt_megastairs_2, uniq_joseph,
          uniq_prince_ribbit2
Lair:2:   statuecave_lemuel, layout_regular_city, spider_nest_entry_webs,
          chequers_serial_rivers_micro_b, guppyfry_lair_drakes
Lair:3:   layout_loops_ring, swamp_mist, nicolae_volcano_entry_two_sided,
          beast_lair_carwin_2, grunt_megastairs_3, infiniplex_staircase_pool_2
Lair:4:   layout_regular_city
Lair:5:   layout_hall_layers, infiniplex_staircase_pool, uniq_sonja
Lair:6:   due_jungle_book, layout_gridlike, slime_altar_1,
          small_statue_intersection, minmay_lair_drake_nest, lemuel_fruit_tree,
          serial_bayou_shore_a
Orc:1:    layout_diamond_mine, uniq_jorgrun
Orc:2:    st_orc_open, layout_caves, basic_altar, lightli_orcish_oven

Skill      XL: |  1  2  3  4  5  6  7  8  9 10 11 12 13 14 15 |
---------------+----------------------------------------------+-----
Fighting       | 4 5 7 9 11 13 15 17 | 17.8
Shields        | 4 6 7 8 9 10 12 14 15 16 17 | 17.3
Short Blades   | 1 2 3 5 7 8 9 10 11 12 | 12.9
Armour         | 4 5 6 7 8 9 11 12 | 12.8
Dodging        | 1 2 3 4 5 6 8 9 |  9.4
Stealth        | 1 2 3 |  3.6
Long Blades    | 3 8 10 11 | 11.2

Action                   |  1- 3 |  4- 6 |  7- 9 | 10-12 | 13-15 || total
-------------------------+-------+-------+-------+-------+-------++-------
Melee: Short sword       |    55 |   174 |   333 |       |       ||   562
       Long sword        |     6 |       |       |       |       ||     6
       Headbutt          |    10 |    27 |    73 |   277 |   571 ||   958
       Scimitar          |       |       |    21 |   190 |   370 ||   581
       Quick blade       |       |       |       |   816 |   370 ||  1186
       Rapier            |       |       |       |       |   824 ||   824
  Use: Scroll            |       |     1 |    12 |     9 |     7 ||    29
       Potion            |       |       |     3 |     9 |     3 ||    15
 Stab: Sleeping          |       |       |       |     1 |     1 ||     2
Armor: Scale mail        |     8 |       |       |       |       ||     8
       Ring mail         |    21 |    79 |    59 |   102 |    11 ||   272
       Plate armour      |       |       |       |       |   251 ||   251
       Crystal plate arm |       |       |       |       |   122 ||   122
Dodge: Dodged            |    12 |    76 |   128 |   302 |   565 ||  1083
       Repelled          |       |       |       |       |     1 ||     1
Block: Kite shield       |    21 |   111 |   171 |   397 |   768 ||  1468
       Reflection        |       |       |       |       |    18 ||    18
       Rpst.: Long sword |     1 |       |       |       |       ||     1
       Scimitar          |       |       |     4 |    24 |    27 ||    55
